 Dungeon Crawl Stone Soup version 0.26-a0-738-g91b530ce93 (webtiles) character file.

Game seed: 8648617588004635767

91670 Gargoyl the Fighter (level 16, -19/127 HPs)
             Began as a Gnoll Abyssal Knight on Nov 4, 2020.
             Was the Champion of Lugonu.
             Demolished by an orc knight
             ... wielding a +0 glaive
              (28 damage)
             ... on level 2 of the Orcish Mines on Nov 5, 2020.
             The game lasted 00:43:22 (27775 turns).

Gargoyl the Fighter (Gnoll Abyssal Knight)         Turns: 27775, Time: 00:43:22

Health: -19/127    AC: 28    Str: 21    XL:     16   Next: 3%
Magic:  30/30      EV: 14    Int: 13    God:    Lugonu [******]
Gold:   1909       SH: 12    Dex: 15    Spells: 36/36 levels left

rFire    + + .     SeeInvis .   q - +5 hand axe (vamp)
rCold    . . .     Faith    .   p - +0 kite shield (curse)
rNeg     . . .     Spirit   .   B - +1 plate armour {rPois}
rPois    +         Reflect  .   Q - +1 helmet
rElec    .         Harm     .   w - +2 cloak {rCorr}
rCorr    +         Rampage  .   c - +2 pair of gloves
MR       +....                  z - +2 pair of boots
Stlth    ..........             K - amulet of regeneration
HPRegen  0.71/turn              f - +4 ring of evasion
MPRegen  0.22/turn              j - ring of flight

@: heavily drained
A: distributed training, fangs 2, dopey 1, fire resistance 2, MP-powered wands,
strong nose
a: Depart the Abyss, Bend Space, Banish, Corrupt, Enter the Abyss, Brand Weapon
With Distortion, Renounce Religion, Evoke Flight


You were on level 2 of the Orcish Mines.
You worshipped Lugonu.
Lugonu was exalted by your worship.
You visited 3 branches of the dungeon, and saw 23 of its levels.
You visited the Abyss 2 times.
You also visited: Sewer.

You collected 1909 gold pieces.

Inventory:

Hand Weapons
 a - a +4 hand axe of freezing
 k - a +2 vorpal hand axe
 q - a +5 vampiric hand axe (weapon)
 v - the +5 demon whip "Spellbinder" {antimagic, MR+}
   (You found it on level 5 of the Dungeon)

   It reduces the magical energy of the wielder, and disrupts the spells and
   magical abilities of those hit.
   Natural abilities and divine invocations are not affected.
   It affects your resistance to hostile enchantments.
 D - a +4 scimitar of flaming
Missiles
 u - 95 poisoned darts (quivered)
Armour
 c - a +2 pair of gloves (worn)
 p - a cursed +0 kite shield (worn)
 w - a +2 cloak of preservation (worn)
 z - a +2 pair of boots (worn)
 B - a +1 plate armour of poison resistance (worn)
 L - a +2 plate armour of magic resistance
 Q - a +1 helmet (worn)
Jewellery
 f - a +4 ring of evasion (left hand)
 j - a ring of flight (right hand)
 r - an uncursed ring of resist corrosion
 J - an uncursed amulet of the acrobat
 K - an amulet of regeneration (around neck)
Wands
 g - a wand of flame (75)
 h - a wand of enslavement (12)
 s - a wand of acid (22)
 A - a wand of polymorph (9)
 C - a wand of disintegration (9)
 E - a wand of iceblast (29)
 F - a wand of paralysis (8)
 O - a wand of digging (4)
Scrolls
 b - 9 scrolls of remove curse
 e - 12 scrolls of teleportation
 i - 9 scrolls of magic mapping
 y - 4 scrolls of fog
 I - 3 scrolls of blinking
 M - 2 scrolls of identify
 N - a scroll of silence
 P - a scroll of brand weapon
 S - a scroll of acquirement {unknown}
Potions
 d - 5 potions of mutation
 l - 2 potions of curing
 m - 3 potions of lignification
 n - a potion of heal wounds
 o - 7 potions of flight
 t - 2 potions of cancellation
 x - a potion of brilliance
 G - a potion of resistance
 H - a potion of invisibility
 R - 2 potions of stabbing
 T - 2 potions of might {unknown}


   Skills:
 + Level 12.1(10.6) Fighting
 + Level 10.5(9.0) Short Blades
 + Level 10.5(9.0) Long Blades
 + Level 11.3(9.8) Axes
 + Level 10.5(9.0) Maces & Flails
 + Level 10.5(9.0) Polearms
 + Level 10.5(9.0) Staves
 + Level 10.5(9.0) Slings
 + Level 10.5(9.0) Bows
 + Level 10.5(9.0) Crossbows
 + Level 10.5(9.0) Throwing
 + Level 11.3(9.8) Armour
 + Level 10.8(9.3) Dodging
 + Level 10.5(9.0) Stealth
 + Level 10.5(9.0) Shields
 + Level 10.5(9.0) Unarmed Combat
 + Level 10.5(9.0) Spellcasting
 + Level 8.9(7.4) Conjurations
 + Level 8.9(7.4) Hexes
 + Level 8.9(7.4) Summonings
 + Level 8.9(7.4) Necromancy
 + Level 8.9(7.4) Translocations
 + Level 8.9(7.4) Transmutations
 + Level 8.9(7.4) Fire Magic
 + Level 8.9(7.4) Ice Magic
 + Level 8.9(7.4) Air Magic
 + Level 8.9(7.4) Earth Magic
 + Level 8.9(7.4) Poison Magic
 + Level 12.1(10.6) Invocations
 + Level 10.5(9.0) Evocations


You had 36 spell levels left.
You didn't know any spells.
Your spell library contained the following spells:

 Spells                   Type           Power        Failure   Level
 Animate Skeleton         Necr           ####..       19%         1
 Apportation              Tloc           ####..       19%         1
 Corona                   Hex            ####...      19%         1
 Summon Small Mammal      Summ           ####         19%         1
 Wereblood                Tmut           ####....     28%         2
 Confusing Touch          Hex            ####....     50%         3
 Gell's Gravitas          Tloc           ####......   50%         3
 Ignite Poison            Fire/Tmut/Pois ####....     50%         3
 Cause Fear               Hex            ####......   88%         4
 Petrify                  Tmut/Erth      ####....     88%         4
 Metabolic Englaciation   Hex/Ice        ####......   99%         5
 Silence                  Hex/Air        ####......   99%         5
 Summon Demon             Summ           ####......   99%         5
 Summon Forest            Summ/Tloc      ####......   99%         5
 Summon Mana Viper        Hex/Summ       ####....     99%         5
 Yara's Violent Unravell  Hex/Tmut       ####......   99%         5
 Shadow Creatures         Summ           N/A          100%        6
 Statue Form              Tmut/Erth      ####.....    100%        6
 Summon Hydra             Summ           ####......   100%        7
 Discord                  Hex            ####......   100%        8
 Shatter                  Erth           ####......   100%        9


Dungeon Overview and Level Annotations

Branches:
Dungeon (15/15)            Temple (0/1) D:4            Lair (6/6) D:9
  Swamp (0/4) Lair:4        Snake (0/4) Lair:3        Slime (0/5) Lair:6
    Orc (2/2) D:11         Vaults (0/5) D:14         Depths (0/5) D:15
  Sewer (visited)
    Elf: Orc:2

Altars:
Ashenzari
Dithmenos
Nemelex Xobeh
Qazlal
Sif Muna
Beogh
Jiyva

Annotations:
Lair:3 3 runed translucent doors, Pyrtan's ghost, journeyman GrEE
Lair:6 2 transporters, 1 runed translucent door, feta's ghost, journeyman GrEE


Innate Abilities, Weirdness & Mutations

Your experience applies equally to all skills.
You have extremely sharp teeth.
Your uncanny sense of smell can sniff out nearby items.
You are dopey. (Int -2)
Your flesh is very heat resistant. (rF++)
You expend magic power (3 MP) to strengthen your wands.


Message History

You hit the orc knight but do no damage.
Your shield prevents you from hitting the orc knight.
You hit the orc warrior but do no damage.
The orc knight hits you from afar with a +0 glaive!!
* * * LOW HITPOINT WARNING * * *
The orc warrior closely misses you.
The orc warrior hits you but does no damage.
The orc knight closely misses you.
You hit the orc warrior.
You bite the orc warrior, but do no damage.
The orc warrior is heavily wounded.
You hit the orc warrior but do no damage.
You hit the orc knight. You closely miss the orc knight.
You hit the orc warrior but do no damage.
You block the orc knight's attack.
The orc knight hits you with a +0 broad axe!
* * * LOW HITPOINT WARNING * * *
The orc warrior misses you.
The orc knight hits you from afar with a +0 glaive!!
You die...

#≈≈≈≈.....#..
≈≈≈≈......#..###
≈≈.....o.....#.#.
.......o.. .......
........o##..#.#.#
##..##oo##.......#
.....o.oo.........
.....o.o(.........
......o@o(....#...
......o(o((.......
......)((.(##.#...
......#......#..
........(.....#.#
..............#
..........#.(.#
..........($.##
.............#


You could see 5 orc knights, 7 orc warriors and 2 orcs.

Vanquished Creatures
  Rupert (Lair:4)
  2 tentacled starspawn (Abyss:1)
  Azrael (D:11)
  Josephine (D:14)
  Harold (D:8)
  A fire dragon (Lair:6)
  4 vault guards (D:14)
  11 hydras
  2 boulder beetles
  4 centaur warriors
  Erica (D:9)
  4 two-headed ogres
  7 death yaks
  An unseen horror (D:15)
  2 wizards (D:14)
  2 lindwurms
  A deep elf archer (D:14)
  Pikel (D:5)
  An orc knight (D:14)
  5 ugly things
  6 elephants (Lair:6)
  7 cyclopes
  3 centaur zombies
  A smoke demon (Abyss:1)
  12 black mambas
  2 molten gargoyles (Lair:6)
  A gargoyle (D:10)
  Maurice (D:12)
  18 cane toads
  2 torpor snails
  9 komodo dragons
  3 rime drakes
  An efreet (D:14)
  A yaktaur (D:15)
  A tengu conjurer (D:14)
  An ancient zyme (Abyss:1)
  7 trolls
  3 slime creatures (D:12)
  A wolf spider simulacrum (D:14)
  A meliai zombie (D:14)
  5 dream sheep
  29 blink frogs
  9 wraiths
  A tarantella (shapeshifter) (D:14)
  17 wyverns
  28 yaks
  Eustachio (D:4)
  3 fire elementals
  6 basilisks
  3 steam dragons
  2 vampire mosquitoes (D:12)
  4 swamp worms (Lair:4)
  2 acid dragons (D:14)
  22 water moccasins
  A soldier ant (D:15)
  3 hell hounds
  4 ice beasts
  18 orc warriors
  An eye of draining (D:15)
  3 sky beasts
  3 black bears
  2 phantoms
  A necrophage (D:8)
  3 ogres
  10 centaurs
  A lemure (D:5)
  23 wolves
  3 big kobolds
  17 bullfrogs
  A wyvern zombie (D:14)
  2 scorpions
  18 killer bees
  9 wights (D:11)
  9 howler monkeys
  An electric eel (Lair:2)
  5 lava snakes (Lair:6)
  9 hounds
  5 quasits
  A jelly (D:8)
  18 orc priests
  Crazy Yiuf (D:5)
  A bullfrog skeleton (D:8)
  2 centaur skeletons
  22 orc wizards
  Ijyb (D:5)
  2 iguanas
  12 worker ants
  A small abomination (Abyss:1)
  2 killer bee zombies
  A howler monkey zombie (D:5)
  2 worker ant zombies
  A howler monkey skeleton (D:4)
  13 gnolls
  15 adders
  3 river rats (Sewer)
  A white imp (D:8)
  3 ufetubi
  2 oozes
  An adder zombie (D:9)
  2 worms
  A dart slug (D:1)
  4 leopard geckos
  95 orcs
  A bat (D:2)
  6 giant cockroaches
  9 goblins
  12 hobgoblins
  13 jackals
  4 quokkas
  A ball python (D:5)
  2 frilled lizards (D:1)
  A jackal skeleton (D:5)
  16 kobolds
  A leopard gecko skeleton (D:4)
  A quokka skeleton (D:4)
  9 rats
  A starspawn tentacle (Abyss:1)
702 creatures vanquished.

Vanquished Creatures (others)
  A hell hound (Lair:6)
  A swamp drake (D:11)
  An orc warrior (D:11)
  A bullfrog (D:12)
  3 orc priests
  An orc wizard (D:12)
  2 kobolds (D:14)
  23 fungi
  48 plants
  8 starspawn tentacles (Abyss:1)
89 creatures vanquished.

Grand Total: 791 creatures vanquished

Notes
Turn   | Place    | Note
-------+----------+-------------------------------------------
     0 | Abyss:1  | Gargoyl the Gnoll Abyssal Knight began the quest for the
                  | Orb.
     0 | Abyss:1  | Reached XP level 1. HP: 23/23 MP: 3/3
    43 | Abyss:1  | Noticed a large abomination
    73 | Abyss:2  | Noticed a neqoxec
   115 | Abyss:2  | Noticed a large abomination
   251 | Abyss:2  | Noticed an orb spider
   256 | Abyss:2  | Noticed a chaos spawn
   282 | D:1      | Escaped the Abyss
   364 | D:1      | Reached XP level 2. HP: 24/29 MP: 5/5
   378 | D:1      | Reached * piety under Lugonu
   624 | D:1      | Reached XP level 3. HP: 35/35 MP: 6/6
  1443 | D:2      | Found a shadowy altar of Dithmenos.
  1500 | D:2      | Reached skill level 1 in Short Blades
  1500 | D:2      | Reached skill level 1 in Long Blades
  1500 | D:2      | Reached skill level 1 in Maces & Flails
  1500 | D:2      | Reached skill level 1 in Polearms
  1500 | D:2      | Reached skill level 1 in Staves
  1500 | D:2      | Reached skill level 1 in Slings
  1500 | D:2      | Reached skill level 1 in Bows
  1500 | D:2      | Reached skill level 1 in Crossbows
  1500 | D:2      | Reached skill level 1 in Throwing
  1500 | D:2      | Reached skill level 1 in Stealth
  1500 | D:2      | Reached skill level 1 in Shields
  1500 | D:2      | Reached skill level 1 in Unarmed Combat
  1500 | D:2      | Reached skill level 1 in Spellcasting
  1500 | D:2      | Reached skill level 1 in Evocations
  1910 | D:2      | Reached XP level 4. HP: 40/41 MP: 7/7
  2171 | D:2      | You fall into a shaft and drop 1 floor!
  2295 | D:3      | Reached skill level 1 in Conjurations
  2295 | D:3      | Reached skill level 1 in Hexes
  2295 | D:3      | Reached skill level 1 in Summonings
  2295 | D:3      | Reached skill level 1 in Necromancy
  2295 | D:3      | Reached skill level 1 in Translocations
  2295 | D:3      | Reached skill level 1 in Transmutations
  2295 | D:3      | Reached skill level 1 in Fire Magic
  2295 | D:3      | Reached skill level 1 in Ice Magic
  2295 | D:3      | Reached skill level 1 in Air Magic
  2295 | D:3      | Reached skill level 1 in Earth Magic
  2295 | D:3      | Reached skill level 1 in Poison Magic
  2304 | D:3      | Reached XP level 5. HP: 34/47 MP: 8/8
  2709 | D:3      | Reached ** piety under Lugonu
  2945 | D:3      | Gained mutation: You are resistant to hostile enchantments.
                  | (MR+) [potion of mutation]
  2945 | D:3      | Gained mutation: You are highly resistant to hostile
                  | enchantments. (MR++) [potion of mutation]
  2945 | D:3      | Gained mutation: You can translocate small distances at
                  | will. [potion of mutation]
  2945 | D:3      | Gained mutation: You expend magic power (3 MP) to
                  | strengthen your wands. [potion of mutation]
  3144 | D:3      | Reached skill level 5 in Invocations
  3144 | D:3      | Reached XP level 6. HP: 25/53 MP: 9/9
  3597 | D:4      | Reached skill level 5 in Axes
  3597 | D:4      | Reached skill level 5 in Armour
  3899 | D:4      | Reached XP level 7. HP: 59/59 MP: 10/10
  3925 | D:4      | Noticed Eustachio
  3957 | D:4      | Killed Eustachio
  4309 | D:4      | Found a staircase to the Ecumenical Temple.
  4336 | D:4      | Reached *** piety under Lugonu
  4612 | D:5      | Entered Level 5 of the Dungeon
  4625 | D:5      | Found a glowing drain.
  4627 | D:5      | Noticed Pikel
  4634 | Sewer    | Entered a sewer
  4739 | Sewer    | Reached XP level 8. HP: 66/67 MP: 12/12
  4778 | Sewer    | Found a white marble altar of Elyvilon.
  4831 | D:5      | Found a stormy altar of Qazlal.
  4896 | D:5      | Killed Pikel
  5584 | D:5      | Found the +5 demon whip "Spellbinder" {antimagic, MR+}
  5590 | D:5      | Found a runed translucent door.
  5591 | D:5      | Noticed Crazy Yiuf
  5599 | D:5      | Killed Crazy Yiuf
  5661 | D:5      | Noticed Ijyb
  5679 | D:5      | Killed Ijyb
  6396 | D:6      | Reached XP level 9. HP: 69/72 MP: 14/14
  6534 | D:6      | Found a broken altar of Ashenzari.
  6687 | D:6      | Reached **** piety under Lugonu
  7498 | D:7      | Reached skill level 5 in Dodging
  8398 | D:8      | Noticed Harold
  8432 | D:8      | Killed Harold
  8432 | D:8      | Reached skill level 5 in Short Blades
  8432 | D:8      | Reached skill level 5 in Long Blades
  8432 | D:8      | Reached skill level 5 in Maces & Flails
  8432 | D:8      | Reached skill level 5 in Polearms
  8432 | D:8      | Reached skill level 5 in Staves
  8432 | D:8      | Reached skill level 5 in Slings
  8432 | D:8      | Reached skill level 5 in Bows
  8432 | D:8      | Reached skill level 5 in Crossbows
  8432 | D:8      | Reached skill level 5 in Throwing
  8432 | D:8      | Reached skill level 5 in Stealth
  8432 | D:8      | Reached skill level 5 in Shields
  8432 | D:8      | Reached skill level 5 in Unarmed Combat
  8432 | D:8      | Reached skill level 5 in Spellcasting
  8432 | D:8      | Reached skill level 5 in Evocations
  8432 | D:8      | Reached XP level 10. HP: 71/81 MP: 17/17
  8974 | D:8      | Reached ***** piety under Lugonu
  9876 | D:9      | Noticed Erica
  9893 | D:9      | Killed Erica
 10073 | D:9      | Reached XP level 11. HP: 30/87 MP: 19/19
 10302 | D:9      | Found a staircase to the Lair.
 10607 | D:9      | Reached skill level 5 in Conjurations
 10607 | D:9      | Reached skill level 5 in Hexes
 10607 | D:9      | Reached skill level 5 in Summonings
 10607 | D:9      | Reached skill level 5 in Necromancy
 10607 | D:9      | Reached skill level 5 in Translocations
 10607 | D:9      | Reached skill level 5 in Transmutations
 10607 | D:9      | Reached skill level 5 in Fire Magic
 10607 | D:9      | Reached skill level 5 in Ice Magic
 10607 | D:9      | Reached skill level 5 in Air Magic
 10607 | D:9      | Reached skill level 5 in Earth Magic
 10607 | D:9      | Reached skill level 5 in Poison Magic
 10719 | D:9      | Found a shimmering blue altar of Sif Muna.
 10884 | D:10     | Entered Level 10 of the Dungeon
 10954 | Lair:1   | Entered Level 1 of the Lair of Beasts
 13466 | Lair:2   | Reached XP level 12. HP: 43/96 MP: 22/22
 14248 | Lair:3   | Found a runed translucent gate.
 14292 | Lair:3   | Found a runed translucent gate.
 14292 | Lair:3   | Found a runed translucent gate.
 14302 | Lair:3   | Noticed Pyrtan's ghost (journeyman GrEE)
 14304 | Lair:3   | Found a viscous altar of Jiyva.
 14387 | Lair:3   | Noticed an eight-headed hydra
 14482 | Lair:4   | Noticed Rupert
 14591 | Lair:4   | Killed Rupert
 14799 | Lair:3   | Reached skill level 10 in Fighting
 15182 | Lair:3   | Killed a one-headed hydra
 15360 | Lair:3   | Found a staircase to the Snake Pit.
 15713 | Lair:5   | Reached XP level 13. HP: 83/103 MP: 24/24
 15899 | Lair:5   | Reached skill level 10 in Invocations
 16090 | Lair:5   | Reached ****** piety under Lugonu
 16351 | Lair:4   | Found a sparkling altar of Nemelex Xobeh.
 16353 | Lair:4   | Found a runed translucent door.
 16415 | Lair:4   | Identified Woof's Handbook of Ashen Changing
 16998 | Lair:4   | Found a staircase to the Swamp.
 18025 | Lair:6   | Entered Level 6 of the Lair of Beasts
 18203 | Lair:6   | Reached XP level 14. HP: 38/111 MP: 26/26
 18485 | Lair:6   | Reached skill level 10 in Axes
 18485 | Lair:6   | Reached skill level 10 in Armour
 19032 | Lair:6   | Found a transporter.
 19033 | Lair:6   | Noticed feta's ghost (journeyman GrEE)
 19034 | Lair:6   | Found a transporter.
 19046 | Lair:6   | Found a runed translucent door.
 19047 | Lair:6   | Found a viscous altar of Jiyva.
 19047 | Lair:6   | Noticed an azure jelly
 19058 | Lair:6   | Noticed an azure jelly
 19058 | Lair:6   | Noticed an azure jelly
 19114 | Lair:6   | Found a staircase to the Slime Pits.
 19360 | Lair:4   | HP: 2/113 [death yak (19)]
 20464 | Lair:6   | Found a large runed translucent door.
 20465 | Lair:6   | Found a large runed translucent door.
 20892 | Lair:6   | HP: 3/113 [molten gargoyle/bolt of magma (22)]
 20934 | Abyss:1  | Noticed a white draconian
 20953 | Abyss:1  | Noticed a tentacled starspawn
 20962 | Abyss:1  | Noticed a tentacled starspawn
 20963 | Abyss:1  | Killed a tentacled starspawn
 20978 | Abyss:1  | Killed a tentacled starspawn
 20981 | Abyss:1  | Noticed an angel
 21001 | Abyss:1  | HP: 4/113 [burnt (7)]
 21245 | Lair:6   | Escaped the Abyss
 21367 | Lair:6   | Reached skill level 10 in Dodging
 21421 | Lair:6   | Lost mutation: You are highly resistant to hostile
                  | enchantments. (MR++) [potion of mutation]
 21421 | Lair:6   | Lost mutation: You are resistant to hostile enchantments.
                  | (MR+) [potion of mutation]
 21421 | Lair:6   | Lost mutation: You can translocate small distances at will.
                  | [potion of mutation]
 21421 | Lair:6   | Gained mutation: You are dopey. (Int -2) [potion of
                  | mutation]
 21421 | Lair:6   | Gained mutation: Your flesh is heat resistant. (rF+)
                  | [potion of mutation]
 21421 | Lair:6   | Gained mutation: You have extremely sharp teeth. [potion of
                  | mutation]
 21421 | Lair:6   | Gained mutation: Your flesh is very heat resistant. (rF++)
                  | [potion of mutation]
 21957 | D:10     | Upgraded the game from 0.26-a0-737-g4e9f4955e2 to
                  | 0.26-a0-738-g91b530ce93
 22646 | D:11     | Reached XP level 15. HP: 114/119 MP: 28/28
 22959 | D:11     | Found a staircase to the Orcish Mines.
 23392 | D:12     | Noticed Maurice
 23411 | D:12     | Killed Maurice
 23435 | D:12     | Noticed Azrael
 23601 | D:11     | Killed Azrael
 24689 | D:13     | Reached skill level 10 in Short Blades
 24689 | D:13     | Reached skill level 10 in Long Blades
 24689 | D:13     | Reached skill level 10 in Maces & Flails
 24689 | D:13     | Reached skill level 10 in Polearms
 24689 | D:13     | Reached skill level 10 in Staves
 24689 | D:13     | Reached skill level 10 in Slings
 24689 | D:13     | Reached skill level 10 in Bows
 24689 | D:13     | Reached skill level 10 in Crossbows
 24689 | D:13     | Reached skill level 10 in Throwing
 24689 | D:13     | Reached skill level 10 in Stealth
 24689 | D:13     | Reached skill level 10 in Shields
 24689 | D:13     | Reached skill level 10 in Unarmed Combat
 24689 | D:13     | Reached skill level 10 in Spellcasting
 24689 | D:13     | Reached skill level 10 in Evocations
 25352 | D:14     | Noticed Josephine
 25382 | D:14     | Killed Josephine
 25918 | D:14     | Found a gate to the Vaults.
 26370 | D:15     | Entered Level 15 of the Dungeon
 27073 | D:15     | Found a staircase to the Depths.
 27073 | D:15     | Noticed a frost giant
 27095 | D:15     | HP: 6/120 [frost giant/+0 battleaxe of freezing (9)]
 27097 | D:15     | Banished a frost giant
 27394 | Orc:1    | Entered Level 1 of the Orcish Mines
 27540 | Orc:1    | Reached XP level 16. HP: 127/127 MP: 30/30
 27683 | Orc:2    | Entered Level 2 of the Orcish Mines
 27683 | Orc:2    | Found a roughly hewn altar of Beogh.
 27775 | Orc:2    | Demolished by an orc knight

Illustrated notes

Levels and vault maps discovered:
D:1:      psy_arrival_radial01, layout_basic
D:2:      layout_basic, nicolae_dithmenos_shadow_blocks
D:3:      layout_loops_ring, supply_closet_lemuel
D:4:      layout_basic, minmay_temple_entry_tees, minmay_quantized,
          uniq_eustachio
D:5:      layout_cave_pods, cheibrodos_sewer_entry_drain, basic_altar,
          uniq_ijyb, uniq_pikel, uniq_crazy_yiuf_cottage
D:6:      layout_basic, basic_altar
D:7:      layout_loops_ring, grunt_decor_cap, chequers_serial_rivers_room_a
D:8:      layout_cave_pods, serial_column_ruins, column_ruins_hut,
          column_ruins_hut_ruined, column_ruins_columns_dead_end,
          column_ruins_grid_1, column_ruins_open_small,
          column_ruins_columns_corner, uniq_harold
D:9:      layout_roguey, led_sif_book, minmay_lair_entry_grove, uniq_erica
D:10:     layout_roguey
D:11:     layout_roguey, erik_orc_1
D:12:     layout_rooms, uniq_azrael, uniq_maurice
D:13:     layout_gridville
D:14:     layout_long_grid, grunt_vaults_entry_fortified, kennysheep_nub,
          uniq_josephine
D:15:     grunt_enter_depths_snipers, layout_small_grid,
          chequers_serial_rivers_small_b
Lair:1:   layout_regular_city, bh_autumn_forest_stairs
Lair:2:   layout_gridlike, chequers_serial_rivers_small_a,
          nicolae_quartered_pool_super, beast_lair_carwin_2
Lair:3:   layout_chaotic_city, minmay_snake_entry_six_corridors,
          gammafunk_ghost_ooze
Lair:4:   layout_gridlike, palyth_hydra_swamp_entry, basic_altar,
          pf_torpor_hydra, uniq_rupert
Lair:5:   layout_cave_pods, st_stairs_9, lemuel_fruit_fields, grunt_megastairs_5
Lair:6:   cheibrodos_lair_end_hotspot, layout_regular_city, slime_altar_2,
          gammafunk_ghost_hive
Orc:1:    layout_caves, basic_altar
Orc:2:    st_orc_rangers, layout_caves, basic_altar, special_room

Skill      XL: |  1  2  3  4  5  6  7  8  9 10 11 12 13 14 15 |
---------------+----------------------------------------------+-----
Short Blades   | 1 2 3 5 6 7 8 9 10 | 10.5
Long Blades    | 1 2 3 5 6 7 8 9 10 | 10.5
Maces & Flails | 1 2 3 5 6 7 8 9 10 | 10.5
Polearms       | 1 2 3 5 6 7 8 9 10 | 10.5
Staves         | 1 2 3 5 6 7 8 9 10 | 10.5
Slings         | 1 2 3 5 6 7 8 9 10 | 10.5
Bows           | 1 2 3 5 6 7 8 9 10 | 10.5
Crossbows      | 1 2 3 5 6 7 8 9 10 | 10.5
Throwing       | 1 2 3 5 6 7 8 9 10 | 10.5
Stealth        | 1 2 3 5 6 7 8 9 10 | 10.5
Shields        | 1 2 3 5 6 7 8 9 10 | 10.5
Unarmed Combat | 1 2 3 5 6 7 8 9 10 | 10.5
Spellcasting   | 1 2 3 5 6 7 8 9 10 | 10.5
Evocations     | 1 2 3 5 6 7 8 9 10 | 10.5
Conjurations   | 1 2 3 4 5 6 7 8 |  8.9
Hexes          | 1 2 3 4 5 6 7 8 |  8.9
Summonings     | 1 2 3 4 5 6 7 8 |  8.9
Necromancy     | 1 2 3 4 5 6 7 8 |  8.9
Translocations | 1 2 3 4 5 6 7 8 |  8.9
Transmutations | 1 2 3 4 5 6 7 8 |  8.9
Fire Magic     | 1 2 3 4 5 6 7 8 |  8.9
Ice Magic      | 1 2 3 4 5 6 7 8 |  8.9
Air Magic      | 1 2 3 4 5 6 7 8 |  8.9
Earth Magic    | 1 2 3 4 5 6 7 8 |  8.9
Poison Magic   | 1 2 3 4 5 6 7 8 |  8.9
Dodging        | 3 4 5 6 7 8 9 10 | 10.8
Invocations    | 5 6 7 8 9 10 11 12 | 12.1
Axes           | 5 6 7 8 9 10 11 | 11.3
Armour         | 5 6 7 8 9 10 11 | 11.3
Fighting       | 7 8 9 10 11 12 | 12.1

Action                   |  1- 3 |  4- 6 |  7- 9 | 10-12 | 13-15 | 16-18 || total
-------------------------+-------+-------+-------+-------+-------+-------++-------
Melee: Hand axe          |    89 |   200 |   560 |   902 |  2300 |    87 ||  4138
       Bite              |     8 |    22 |    77 |   142 |   375 |    19 ||   643
       Punch             |       |     1 |    10 |    30 |   100 |       ||   141
       Demon whip        |       |       |     1 |       |       |       ||     1
       Scimitar          |       |       |       |    14 |    80 |       ||    94
Throw: Dart              |       |       |       |    22 |    15 |       ||    37
Invok: Depart the Abyss  |     1 |       |       |       |     1 |       ||     2
       Bend Space        |       |       |     1 |       |     3 |       ||     4
       Enter the Abyss   |       |       |       |       |     1 |       ||     1
       Banish            |       |       |       |       |     1 |       ||     1
  Use: Scroll            |     1 |    16 |     9 |     9 |    21 |       ||    56
       Potion            |       |     1 |       |     7 |    11 |       ||    19
 Stab: Sleeping          |     2 |     1 |     1 |       |       |       ||     4
       Distracted        |       |       |       |       |     1 |       ||     1
       Confused          |       |       |       |       |     2 |       ||     2
Armor: Leather armour    |    15 |     9 |       |       |       |       ||    24
       Scale mail        |       |    11 |       |       |       |       ||    11
       Ring mail         |       |    18 |    80 |       |       |       ||    98
       Plate armour      |       |       |   176 |   500 |  1329 |    44 ||  2049
       Skin              |       |       |       |     6 |       |       ||     6
Dodge: Dodged            |    60 |   156 |   424 |   617 |  1640 |    69 ||  2966
Block: Kite shield       |       |       |       |       |   550 |    87 ||   637
       Rpst.: Scimitar   |       |       |       |       |    15 |       ||    15

Table legend: (Time is in decaauts)
 A = Elapsed time spent in this place.
 B = Non-inter-level travel time spent in this place.
 C = Inter-level travel time spent in this place.
 D = Time resting spent in this place.
 E = Time spent auto-exploring this place.
 F = Levels seen in this place.
 G = Mean time per level.
                   A        B        C        D        E       F      G
               +--------+--------+--------+--------+--------+-----+--------+
         Total |  27267 |  25993 |   1274 |   3458 |  15352 |  27 | 1009.9 |
       Dungeon |  15746 |  14809 |    937 |   1052 |   9820 |  15 | 1049.7 |
          Lair |  10332 |   9995 |    337 |   2195 |   5053 |   6 | 1722.0 |
  Orcish Mines |    351 |    351 |      0 |      0 |    177 |   2 |  175.5 |
         Abyss |    623 |    623 |      0 |    210 |    159 |   3 |  207.7 |
         Sewer |    213 |    213 |      0 |      0 |    142 |   1 |  213.0 |
               +--------+--------+--------+--------+--------+-----+--------+

Top non-repeatable levels by time:
  Lair:6: 2511 daAuts
  Lair:1: 1960 daAuts
  Lair:5: 1891 daAuts
     D:9: 1664 daAuts
  Lair:4: 1617 daAuts
  Lair:2: 1325 daAuts
     D:5: 1266 daAuts
     D:3: 1229 daAuts
     D:8: 1180 daAuts
     D:2: 1147 daAuts
     D:4: 1144 daAuts
    D:14: 1130 daAuts
     D:1: 1087 daAuts
     D:7: 1041 daAuts
  Lair:3: 1025 daAuts
